 Dungeon Crawl Stone Soup version 0.23.2-40-g277498a001 (webtiles) character file.

Game seed: 17343060088760694702

294670 DildoBatman the Necromancer (level 21, -17/107 HPs)
             Began as a Formicid Wizard on Sept 14, 2019.
             Was an Initiate of Gozag.
             Killed from afar by a hell hog (39 damage)
             ... with a fireball
             ... on level 4 of the Abyss on Sept 15, 2019.
             The game lasted 04:18:27 (46353 turns).

DildoBatman the Necromancer (Formicid Wizard)      Turns: 46353, Time: 04:18:28

Health: -17/107    AC: 23    Str: 13 (16) XL:     21   Next: 75%
Magic:  26/32      EV: 10    Int: 30      God:    Gozag
Gold:   11734      SH: 18    Dex:  4 (5)  Spells: 6/50 levels left

rFire    . . .     SeeInvis +   a - +4 demon trident (elec)
rCold    + + +     Gourm    .   P - +1 large shield {rC+}
rNeg     + . .     Faith    .   J - +7 Kryia's mail coat {PotionHeal*2 rC+}
rPois    .         Spirit   .   (helmet unavailable)
rElec    +         Reflect  .   n - +2 cloak
rCorr    .         Harm     .   t - +2 pair of gloves "Booru" {Str+4}
MR       ++++.                  l - +2 pair of boots {run}
Stlth    +++.......             r - amulet of regeneration
HPRegen  1.67/turn              C - ring of protection from cold
MPRegen  0.23/turn              E - ring "Soalogo" {rElec rN+ MR++ Int+4}

@: lethally poisoned (-17 -> -17), gold aura, regenerating, quick
A: permanent stasis, dig shafts and tunnels, four strong arms, antennae 3,
clever 1, [clumsy 2], [deformed body], [dopey 2], [frail 3], [low mp 2], shaggy
fur 1, evolution 1
}: 2/15 runes: barnacled, gossamer
a: Dig, Shaft Self, Potion Petition, Call Merchant, Bribe Branch, Renounce
Religion


You were on level 4 of the Abyss.
You worshipped Gozag.
Gozag was extremely pleased with you.
You were full.

You visited 7 branches of the dungeon, and saw 35 of its levels.
You visited the Abyss 2 times.
You also visited: Gauntlet and Ice Cave.

You collected 12633 gold pieces.
You spent 452 gold pieces at shops.
You paid 447 gold pieces to Gozag.

Inventory:

Hand Weapons
 a - a +4 demon trident of electrocution (weapon)
 b - a +2 demon trident of venom
Missiles
 M - 9 throwing nets (quivered)
Armour
 e - the -6 cloak "Zakhlelaa" {rC+ MR+++ Dex-3}
   (You acquired it on level 4 of the Abyss)

   It affects your dexterity (-3).
   It protects you from cold.
   It affects your resistance to hostile enchantments.
 l - a +2 pair of boots of running (worn)
 n - a +2 cloak (worn)
 t - the +2 pair of gloves "Booru" (worn) {Str+4}
   (You found it on level 5 of the Lair of Beasts)

   It affects your strength (+4).
 J - the +7 Kryia's mail coat (worn) {PotionHeal*2 rC+}
   (You found it in a Gauntlet)

   It protects you from cold.
 P - a +1 large shield of cold resistance (worn)
Magical Staves
 m - an uncursed staff of energy
 o - an uncursed staff of air
 K - an uncursed staff of power
 S - an uncursed staff of poison
Jewellery
 i - an uncursed ring of wizardry
 r - an amulet of regeneration (around neck)
 C - a ring of protection from cold (left hand)
 E - the ring "Soalogo" (right hand) {rElec rN+ MR++ Int+4}
   (You found it on level 4 of the Abyss)

   [ring of positive energy]

   It affects your intelligence (+4).
   It insulates you from electricity.
   It protects you from negative energy.
   It affects your resistance to hostile enchantments.
Wands
 k - a wand of disintegration (48)
 B - a wand of iceblast (41)
 N - a wand of flame (67)
 O - a wand of clouds (23)
Scrolls
 g - a scroll of torment
 j - 6 scrolls of immolation
 u - 13 scrolls of fog
 x - 12 scrolls of remove curse
 z - 3 scrolls of identify
 D - 5 scrolls of magic mapping
 F - a scroll of amnesia
 U - a scroll of brand weapon
 Z - 3 scrolls of fear
Potions
 c - a potion of heal wounds
 d - 2 potions of mutation
 f - 3 potions of brilliance
 h - 6 potions of invisibility
 p - 4 potions of magic
 q - 10 potions of might
 w - a potion of agility
 H - 2 potions of resistance
 R - a potion of flight
 T - 2 potions of cancellation
 W - 7 potions of curing
Miscellaneous
 y - a fan of gales
 G - a lamp of fire (inert)
 L - 2 phantom mirrors
 X - a lightning rod (3/4)
 Y - a box of beasts
Comestibles
 v - 20 rations


   Skills:
 - Level 10.0 Fighting
 - Level 5.0 Polearms
 - Level 9.0 Armour
 - Level 7.0 Dodging
 - Level 10.2 Stealth
 - Level 15.0 Shields
 - Level 15.0 Spellcasting
 - Level 6.0 Conjurations
 - Level 6.0 Charms
   Level 1.0 Summonings
 - Level 19.0 Necromancy
   Level 0.8 Translocations
 * Level 8.6 Transmutations
 - Level 5.0 Fire Magic
 - Level 5.1 Air Magic
 - Level 12.0 Earth Magic
 - Level 6.1 Poison Magic
 - Level 6.0 Evocations


You had 6 spell levels left.
You knew the following spells:

 Your Spells              Type           Power        Failure   Level  Hunger
a - Conjure Flame         Conj/Fire      ######..     2%          3    None
b - Borgnjor's Vile Clut  Necr/Erth      #######...   1%          5    None
c - Shatter               Erth           #######...   100%        9    #######
d - Regeneration          Chrm/Necr      #######...   1%          3    None
e - Mephitic Cloud        Conj/Pois/Air  ######..     2%          3    None
f - Vampiric Draining     Necr           #######...   0%          3    None
g - Necromutation         Tmut/Necr      #######...   86%         8    ######.
h - Dispel Undead         Necr           #######.     1%          5    None
i - Ozocubu's Armour      Chrm/Ice       #####...     7%          3    None
z - Sublimation of Blood  Necr           #######...   0%          2    None

Your spell library contained the following spells:

 Spells                   Type           Power        Failure   Level  Hunger
 Animate Skeleton         Necr           N/A          0%          1    None
 Pain                     Necr           ####         0%          1    None
 Beastly Appendage        Tmut           ######       1%          1    None
 Magic Dart               Conj           ####         1%          1    None
 Sandblast                Erth           ######       1%          1    None
 Shock                    Conj/Air       ####         1%          1    None
 Passwall                 Tmut/Erth      ######..     1%          2    None
 Searing Ray              Conj           ######       1%          2    None
 Sticks to Snakes         Tmut           ######..     1%          2    None
 Swiftness                Chrm/Air       ######..     1%          2    None
 Throw Flame              Conj/Fire      ######       1%          2    None
 Spider Form              Tmut/Pois      ######....   1%          3    None
 Stone Arrow              Conj/Erth      ######       1%          3    None
 Animate Dead             Necr           N/A          1%          4    None
 Petrify                  Tmut/Erth      ######..     1%          4    None
 Bolt of Draining         Conj/Necr      #######...   1%          5    None
 Lee's Rapid Deconstruct  Erth           #######...   1%          5    None
 Death Channel            Necr           #######...   1%          6    ###....
 Throw Frost              Conj/Ice       #####.       3%          2    None
 Summon Small Mammal      Summ           ####         4%          1    None
 Leda's Liquefaction      Hex/Erth       ######....   6%          4    None
 Blade Hands              Tmut           ######....   6%          5    None
 Dazzling Spray           Conj/Hex       #####.       7%          3    None
 Corona                   Hex            ###....      8%          1    None
 Freeze                   Ice            ###.         8%          1    None
 Call Imp                 Summ           ####....     8%          2    None
 Inner Flame              Hex/Fire       #####...     9%          3    None
 Bolt of Magma            Conj/Fire/Erth ######....   9%          5    None
 Ensorcelled Hibernation  Hex/Ice        ###...       12%         2    None
 Slow                     Hex            ###.....     12%         2    None
 Ice Form                 Ice/Tmut       #####...     13%         4    None
 Gell's Gravitas          Tloc           ####......   16%         3    None
 Recall                   Summ/Tloc      N/A          16%         3    None
 Statue Form              Tmut/Erth      ######...    17%         6    ###....
 Portal Projectile        Hex/Tloc       ####..       19%         3    None
 Confuse                  Hex            ###.....     22%         3    None
 Tukima's Dance           Hex            ###.....     22%         3    None
 Throw Icicle             Conj/Ice       #####...     22%         4    None
 Simulacrum               Ice/Necr       ######....   24%         6    ###....
 Iron Shot                Conj/Erth      ######....   28%         6    ###....
 Passage of Golubria      Tloc           N/A          47%         4    None
 Summon Ice Beast         Ice/Summ       ####....     52%         4    None
 Cause Fear               Hex            ###.......   58%         4    None
 Silence                  Hex/Air        #####.....   58%         5    None
 Darkness                 Hex            ###.......   100%        6    ###....
 Invisibility             Hex            ###.....     100%        6    ###....
 Shadow Creatures         Summ           N/A          100%        6    ###....
 Borgnjor's Revivificati  Necr           #######...   21%         8    ######.
 Infestation              Necr           #######...   21%         8    ######.
 Haunt                    Necr/Summ      ######....   71%         7    #####..
 Death's Door             Chrm/Necr      #######...   96%         8    ######.
 Spellforged Servitor     Conj/Summ      #####.....   100%        7    #####..
 Summon Hydra             Summ           ####......   100%        7    #####..
 Blink                    Tloc           Unusable     N/A         2    N/A

Dungeon Overview and Level Annotations

Branches:
Dungeon (15/15)            Temple (1/1) D:6            Lair (6/6) D:8
 Shoals (4/4) Lair:4       Spider (4/4) Lair:2        Slime (0/5) Lair:6
    Orc (2/2) D:12            Elf (0/3) Orc:2        Vaults (3/5) D:14
  Crypt (0/3) Vaults:3     Depths (0/5) D:15

Altars:
Ashenzari
Cheibriados
Dithmenos
Elyvilon
Fedhas
Gozag
Hepliaklqana
Kikubaaqudgha
Makhleb
Nemelex Xobeh
Okawaru
Qazlal
Ru
Sif Muna
Trog
Uskayaw
Vehumet
Wu Jian
Xom
Yredelemnul
Zin
The Shining One
Beogh
Jiyva

Shops:
D:4 !   D:6 ([[(=   D:7 }   D:14 (}%(   Orc:2 :*[(   Vaults:1 *

Annotations:
Vaults:2 exclusion: orc knight


Innate Abilities, Weirdness & Mutations

You cannot be hasted, slowed, berserked, paralysed or teleported.
You can dig through walls and to a lower floor.
Your four strong arms can wield two-handed weapons with a shield.
You have a pair of large antennae on your head. (SInv)
Your mind is acute. (Int +2)
You are covered in fur. (AC +1)
You evolve.
[You are very clumsy. (Dex -4)]
[Armour fits poorly on your strangely shaped body.]
[You are very dopey. (Int -4)]
[You are extremely frail. (-30% HP)]
[Your magical capacity is very low. (-20% MP)]


Message History

You puncture the hell hog! Lightning courses through the hell hog!
The hell hog is almost dead.
The zombie hands constrict the hell hog.
You kill the hell hog!
You feel sick.
You puncture the hell hog!
The hell hog is moderately wounded.
The substance of the Abyss twists violently, and a gateway leading out appears!
The hell hog is engulfed in blazing flames.
You block the hell hog's attack.
You feel sick.
The hell hog is engulfed in blazing flames.
The hell hog bites you.
The hell hog is engulfed in blazing flames.
The hell hog breathes fire at you.
The fireball explodes!
The fireball engulfs you!!!
You die...
Your body crumbles into a pile of gold.

.#{#{{{.
*3.... ##
.#{.x{{.#$.
# ..#..{{##
#$##x.
...{##.#.#$"
#.# {{.
####[.. ? #
###{#{##{#
§.#.# #.
.{{{
.###{.####
##.#.###
###§ ..
....{{#@##
.. #{ {#h##
# ##
#..{#### {
###. { { .#
#. .. .#


You could see a hell hog.

Vanquished Creatures
  Boris (Vaults:3)
  Arachne (Spider:4)
  Jorgrun (Spider:1)
  A lich (Vaults:3)
  The ghost of Name63 the Protected, an adept GnWn of Gozag (Spider:4)
  Polyphemus (Shoals:3)
  A kraken (Shoals:3)
  Agnes (Spider:3)
  Roxanne (Shoals:2)
  Frances (D:13)
  The ghost of tamionv the Bludgeoner, an adept GrFi of Uskayaw (Spider:4)
  Donald (Spider:1)
  Ilsuiw (Shoals:3)
  4 fire giants
  5 vault wardens
  10 emperor scorpions
  3 orc warlords (Orc:2)
  2 ghost moths (Spider:4)
  An angel (Abyss:4)
  Louise (D:14)
  2 stone giants
  2 very ugly things (Vaults:2)
  8 ironheart preservers
  A war gargoyle (Vaults:1)
  An entropy weaver (Spider:3)
  2 deep elf demonologists
  A minotaur (Gauntlet)
  A deep elf annihilator (Vaults:1)
  2 spark wasps (Spider:4)
  6 dire elephants (Lair:6)
  A deep elf death mage (Vaults:3)
  An ettin (Vaults:3)
  2 fire dragons
  A merfolk javelineer (Shoals:3)
  The ghost of NeAGen181 the Warrior, a journeyman HOFi of Beogh (D:10)
  9 merfolk impalers
  7 yaktaur captains
  A rakshasa (Abyss:4)
  A great orb of eyes (Vaults:2)
  4 hydras
  Harold (Lair:1)
  2 ice dragons
  6 vault guards
  An alligator snapping turtle (Shoals:2)
  2 centaur warriors
  5 merfolk aquamancers
  An anaconda (Lair:6)
  2 catoblepae
  4 satyrs
  24 two-headed ogres
  4 merfolk avatars
  2 death knights
  8 death scarabs (Spider:4)
  9 death yaks
  8 ogre magi
  A hell hog (Abyss:4)
  An orc high priest (Orc:2)
  A soul eater (Abyss:4)
  3 deep elf knights
  A sun demon (Abyss:4)
  A shadow wraith (Vaults:2)
  6 large abominations
  11 sea snakes
  3 unseen horrors
  4 deep trolls
  A starcursed mass (Abyss:4)
  3 deep elf archers
  A flayed ghost (Vaults:2)
  A wizard (Vaults:1)
  12 ironbrand convokers
  12 harpies
  A lindwurm (D:14)
  7 orc knights
  3 spectral wolf spiders (Spider:4)
  3 wolf spider zombies
  10 orb spiders
  19 wolf spiders
  2 orc sorcerers
  4 deep elf magi
  An orb spider (shapeshifter) (Vaults:1)
  8 fauns
  4 oklob plants
  15 ugly things
  18 manticores
  A worldbinder (Abyss:4)
  6 cyclopes
  A moth of wrath (Spider:4)
  Maurice (D:9)
  Joseph (D:8)
  An apocalypse crab (Abyss:4)
  10 elephants
  9 merfolk sirens
  3 ice statues
  5 black mambas
  A molten gargoyle (Gauntlet)
  4 gargoyles
  4 smoke demons (Abyss:4)
  3 torpor snails
  6 water nymphs
  9 spiny frogs
  Psyche (D:12)
  8 vault sentinels
  A hellion (Abyss:4)
  A catoblepas zombie (Lair:5)
  15 yaktaurs
  13 demonic crawlers
  8 freezing wraiths
  3 kobold demonologists (D:15)
  4 rime drakes
  2 spectral redbacks (Spider:4)
  13 komodo dragons
  2 hydra zombies
  An ancient zyme (Abyss:4)
  2 redback zombies (Spider:4)
  2 queen bees
  2 trolls
  6 wind drakes
  6 hydra skeletons
  37 jumping spiders
  25 merfolk
  4 spectral tarantellas (Spider:4)
  9 blink frogs
  3 spectral jumping spiders (Spider:4)
  7 hornets
  2 polar bears
  3 raiju
  2 jumping spider zombies (Spider:4)
  20 slime creatures
  4 dream sheep (Lair:6)
  3 tarantella zombies (Spider:4)
  6 snapping turtles
  14 hippogriffs
  A meliai zombie (D:14)
  A tengu simulacrum (Vaults:2)
  A black mamba zombie (Lair:5)
  A shadow (D:13)
  33 yaks
  3 wyverns
  2 vampires
  80 redbacks
  11 small abominations
  9 water elementals
  29 tarantellas
  3 ynoxinuls (Abyss:4)
  5 wraiths
  A human (D:6)
  4 basilisks
  2 chaos spawn (Abyss:4)
  2 black mamba skeletons
  2 neqoxecs
  3 steam dragons
  5 vampire mosquitoes (D:13)
  5 wargs
  4 acid dragons
  A soldier ant (D:12)
  A human zombie (D:11)
  2 spiny frog zombies
  10 porcupines
  10 water moccasins
  21 ice beasts
  3 spectral hornets (Spider:4)
  3 hornet zombies (Spider:4)
  2 sky beasts (D:11)
  2 eyes of draining
  55 orc warriors
  5 black bears
  A necrophage (D:14)
  28 ogres
  3 phantoms
  A blink frog zombie (Lair:5)
  19 centaurs
  3 wolves
  12 crocodiles
  A dream sheep skeleton (Lair:3)
  2 rime drake skeletons
  4 big kobolds
  A cyclops zombie (D:11)
  A rime drake zombie (Lair:5)
  20 bullfrogs
  2 glowing shapeshifter simulacra
  A hippogriff zombie (D:11)
  A gnoll sergeant (D:8)
  A wyvern zombie (D:7)
  An ogre simulacrum (Vaults:1)
  A deep troll simulacrum (Vaults:3)
  2 komodo dragon skeletons
  8 scorpions
  3 water moccasin skeletons
  3 yak zombies (Lair:6)
  48 killer bees
  3 howler monkeys
  22 wights
  4 electric eels
  7 crimson imps
  A bullfrog zombie (D:10)
  4 centaur zombies
  A quasit (D:9)
  A bullfrog skeleton (D:12)
  5 hounds
  25 orc priests
  A jelly (D:12)
  35 orc wizards
  Terence (D:2)
  A basilisk skeleton (Lair:5)
  4 centaur skeletons
  2 iguanas
  2 porcupine zombies
  6 hell rats (Lair:2)
  8 worker ants
  2 porcupine skeletons (Lair:3)
  A crocodile skeleton (Lair:6)
  A hound zombie (D:8)
  A hound skeleton (D:2)
  A worker ant zombie (D:6)
  3 gnolls (D:8)
  20 adders
  A howler monkey skeleton (D:9)
  5 shadow imps
  A white imp (Abyss:2)
  An ooze (D:1)
  An adder zombie (D:9)
  3 adder skeletons
  5 worms
  A dart slug (D:1)
  8 leopard geckos
  105 orcs
  12 ball pythons
  10 bats
  5 giant cockroaches
  8 goblins
  10 hobgoblins
  13 jackals
  21 kobolds
  6 quokkas
  7 frilled lizards
  A hobgoblin zombie (D:11)
  A leopard gecko skeleton (D:5)
  An orc skeleton (D:10)
  2 quokka skeletons
  12 rats
  A fungus (Lair:6)
  32 plants
1547 creatures vanquished.

Vanquished Creatures (collateral kills)
  A jumping spider (Spider:2)
  A tarantella (Spider:1)
  4 killer bees
  An orc priest (D:10)
  An orc (D:12)
8 creatures vanquished.

Vanquished Creatures (others)
  A hornet (Abyss:4)
  A raiju (Abyss:4)
  An ogre (Vaults:3)
  A killer bee (Lair:2)
  An ufetubus (Abyss:4)
  A bush (Lair:6)
  A fire vortex (Abyss:4)
  21 fungi
  A lurking horror (Abyss:4)
  18 plants
  6 starspawn tentacles (Abyss:4)
  28 tentacles (Shoals:3)
  6 withered plants (Spider:4)
87 creatures vanquished.

Grand Total: 1642 creatures vanquished

Notes
Turn   | Place    | Note
-------+----------+-------------------------------------------
     0 | D:1      | DildoBatman the Formicid Wizard began the quest for the
                  | Orb.
     0 | D:1      | Reached XP level 1. HP: 13/13 MP: 4/4
    50 | D:1      | Reached skill level 1 in Conjurations
   238 | D:1      | Reached XP level 2. HP: 10/19 MP: 0/6
   751 | D:1      | Reached XP level 3. HP: 24/24 MP: 5/7
  1423 | D:2      | Learned a level 3 spell: Conjure Flame
  1427 | D:2      | Learned a level 3 spell: Mephitic Cloud
  1693 | D:2      | Reached XP level 4. HP: 30/30 MP: 0/8
  1980 | D:2      | Reached XP level 5. HP: 35/35 MP: 3/9
  2239 | D:2      | Found a bloodstained altar of Trog.
  3134 | D:3      | Reached XP level 6. HP: 41/41 MP: 7/10
  3277 | D:3      | Reached skill level 5 in Conjurations
  3411 | D:3      | Noticed Terence
  4242 | D:4      | Found Poqoot's Distillery.
  4274 | D:4      | Found a shimmering altar of Xom.
  4278 | D:4      | Noticed an ogre
  4429 | D:4      | Killed an ogre
  4429 | D:4      | Reached skill level 1 in Fire Magic
  4429 | D:4      | Reached skill level 1 in Poison Magic
  4429 | D:4      | Reached XP level 7. HP: 18/46 MP: 0/11
  4601 | D:4      | Reached skill level 1 in Air Magic
  4810 | D:4      | Found an opulent altar of Gozag.
  4982 | D:5      | Entered Level 5 of the Dungeon
  6413 | D:6      | Found Ditsiruj's Jewellery Emporium.
  6489 | D:6      | Found Tiroargh's Antique Weapon Shop.
  6523 | D:6      | Found Wiykkixum's Antique Armour Shop.
  6537 | D:6      | Found Qajaedei's Armour Shop.
  6608 | D:6      | Found Maxear's Weapon Boutique.
  6967 | D:6      | Noticed a steam dragon
  7085 | D:6      | Found a staircase to the Ecumenical Temple.
  7090 | Temple   | Entered the Ecumenical Temple
  7190 | Temple   | Became a worshipper of Kikubaaqudgha
  7236 | D:6      | Reached XP level 8. HP: 52/52 MP: 9/12
  7350 | D:6      | Found a runed translucent door.
  7350 | D:6      | Noticed a human
  7354 | D:6      | Found a basalt altar of Yredelemnul.
  7386 | D:6      | Killed a human
  7498 | D:6      | Reached skill level 5 in Poison Magic
  7661 | D:2      | Killed Terence
  7796 | D:7      | Noticed a hornet
  7804 | D:7      | Killed a hornet
  7804 | D:7      | Reached XP level 9. HP: 54/57 MP: 5/13
  7815 | D:7      | Found Zaove's Gadget Boutique.
  7908 | D:7      | Found a hide-covered altar of Uskayaw.
  8084 | D:7      | Reached skill level 5 in Fire Magic
  8247 | D:7      | Reached skill level 5 in Air Magic
  8567 | D:8      | Found a blossoming altar of Fedhas.
  8679 | D:8      | Reached * piety under Kikubaaqudgha
  8679 | D:8      | Identified Kikubaaqudgha's Reference Book on Black Magic
                  | (Kikubaaqudgha gifted it to you on level 8 of the Dungeon)
  8679 | D:8      | Received a gift from Kikubaaqudgha
  8689 | D:8      | Reached skill level 5 in Spellcasting
  8706 | D:8      | Learned a level 3 spell: Vampiric Draining
  8709 | D:8      | Learned a level 2 spell: Sublimation of Blood
  8717 | D:8      | Reached skill level 1 in Necromancy
  8784 | D:8      | Reached skill level 2 in Necromancy
  8804 | D:8      | Reached XP level 10. HP: 15/63 MP: 1/19
  8989 | D:8      | Reached skill level 3 in Necromancy
  9073 | D:8      | Reached skill level 4 in Necromancy
  9156 | D:8      | Reached skill level 5 in Necromancy
  9255 | D:8      | Reached skill level 6 in Necromancy
  9269 | D:8      | Found a staircase to the Lair.
  9532 | D:8      | Reached skill level 1 in Shields
  9556 | D:8      | Noticed Joseph
  9566 | D:8      | Killed Joseph
  9595 | D:8      | Reached ** piety under Kikubaaqudgha
  9611 | D:8      | Found an iron altar of Okawaru.
  9651 | D:8      | Found an opulent altar of Gozag.
  9830 | D:9      | Reached skill level 7 in Necromancy
  9881 | D:9      | Reached skill level 8 in Necromancy
 10120 | D:9      | Found a snail-covered altar of Cheibriados.
 10172 | D:9      | Noticed Maurice
 10188 | D:9      | Killed Maurice
 10188 | D:9      | Reached XP level 11. HP: 64/68 MP: 8/21
 10334 | D:9      | Reached skill level 1 in Fighting
 10334 | D:9      | Reached skill level 1 in Armour
 10334 | D:9      | Reached skill level 1 in Evocations
 11023 | D:10     | Entered Level 10 of the Dungeon
 11119 | D:10     | Reached *** piety under Kikubaaqudgha
 11119 | D:10     | Identified Kikubaaqudgha's Compendium of Darkness
                  | (Kikubaaqudgha gifted it to you on level 10 of the Dungeon)
 11119 | D:10     | Received a gift from Kikubaaqudgha
 11128 | D:10     | Learned a level 5 spell: Borgnjor's Vile Clutch
 11134 | D:10     | Learned a level 5 spell: Dispel Undead
 11281 | D:10     | Reached skill level 1 in Earth Magic
 11541 | D:10     | Found a runed translucent door.
 11541 | D:10     | Noticed NeAGen181's ghost (journeyman HOFi)
 12063 | D:11     | Noticed an unseen horror
 12073 | D:11     | Killed an unseen horror
 12134 | D:11     | Noticed a seven-headed hydra
 12175 | D:11     | Found a frozen archway.
 12176 | D:11     | Found a blossoming altar of Fedhas.
 12176 | D:11     | Noticed an oklob plant
 12208 | IceCv    | Entered an ice cave
 12208 | IceCv    | Noticed a white ugly thing
 12332 | IceCv    | Killed a white ugly thing
 12362 | IceCv    | Found a transporter.
 12378 | IceCv    | Got a crude robe
 12392 | IceCv    | Identified the +2 robe of the Tarantula {rPois rCorr Str+3}
                  | (You found it in an ice cave)
 12414 | IceCv    | Noticed a white ugly thing
 12420 | IceCv    | Reached skill level 5 in Earth Magic
 12420 | IceCv    | Killed a white ugly thing
 12428 | IceCv    | Reached **** piety under Kikubaaqudgha
 12431 | IceCv    | Found a transporter.
 12439 | IceCv    | Identified the Papyrus of Talismans and Confrontation
 12563 | IceCv    | Gained mutation: You evolve. [potion of mutation]
 12563 | IceCv    | Gained mutation: Your flesh is heat resistant. (rF+)
                  | [potion of mutation]
 12563 | IceCv    | Gained mutation: Your mind is acute. (Int +2) [potion of
                  | mutation]
 12675 | D:11     | Reached XP level 12. HP: 25/81 MP: 13/22
 12677 | D:11     | Killed a seven-headed hydra
 13231 | D:11     | Reached skill level 9 in Necromancy
 13535 | D:12     | Noticed a two-headed ogre
 13641 | Lair:1   | Entered Level 1 of the Lair of Beasts
 13662 | Lair:1   | Reached skill level 1 in Polearms
 13842 | Lair:1   | Learned a level 3 spell: Regeneration
 13981 | Lair:1   | Reached skill level 5 in Stealth
 14032 | Lair:1   | Reached ***** piety under Kikubaaqudgha
 14198 | Lair:1   | Noticed Harold
 14212 | Lair:1   | Killed Harold
 14212 | Lair:1   | Reached skill level 1 in Charms
 14767 | Lair:1   | Reached skill level 5 in Fighting
 14767 | Lair:1   | Reached skill level 5 in Armour
 14767 | Lair:1   | Reached XP level 13. HP: 75/91 MP: 10/23
 14768 | Lair:1   | Reached skill level 5 in Evocations
 14826 | Lair:2   | Found a hole to the Spider Nest.
 16298 | Lair:3   | Found a gate leading to a gauntlet.
 16504 | Gauntlet | Entered a Gauntlet
 16504 | Gauntlet | Found a transporter.
 16504 | Gauntlet | Found a transporter.
 16504 | Gauntlet | Found a runed translucent gate.
 16504 | Gauntlet | Found a runed translucent gate.
 16504 | Gauntlet | Found a runed translucent gate.
 16512 | Gauntlet | Found a transporter.
 16516 | Gauntlet | Found a transporter.
 16524 | Gauntlet | Found a transporter.
 16528 | Gauntlet | Found a transporter.
 16534 | Gauntlet | Noticed a catoblepas
 16541 | Gauntlet | Found a transporter.
 16549 | Gauntlet | Noticed a reaper
 16552 | Gauntlet | Found a transporter.
 16566 | Gauntlet | Found a transporter.
 16570 | Gauntlet | Found a transporter.
 16578 | Gauntlet | Found a transporter.
 16582 | Gauntlet | Found a transporter.
 16841 | Gauntlet | Got a steaming ivory ring
 16906 | Gauntlet | Identified the ring of the Stag {*Corrode +Fly rN+++ SInv
                  | Stlth+} (You found it in a Gauntlet)
 16932 | Gauntlet | Reached skill level 5 in Dodging
 17098 | Gauntlet | Killed a catoblepas
 17220 | Gauntlet | Noticed a minotaur
 17230 | Gauntlet | Killed a minotaur
 17243 | Gauntlet | Identified the Almanac of the Unholy Blaze
 17246 | Gauntlet | Identified the Papyrus of the Compass and Slavery
 17266 | Gauntlet | Found the +7 Kryia's mail coat {PotionHeal*2 rC+}
 17283 | Gauntlet | Got a jewelled cloak
 17308 | Gauntlet | Identified a +0 pair of boots of running (You found it in a
                  | Gauntlet)
 17341 | Gauntlet | Identified the +3 cloak of Divine Intervention {-Cast rC+
                  | Stlth+} (You found it in a Gauntlet)
 18277 | Lair:4   | Found a staircase to the Shoals.
 18379 | Lair:4   | Reached XP level 14. HP: 98/104 MP: 17/24
 18786 | Lair:5   | Got a pair of heavily runed gloves
 18808 | Lair:5   | Identified the +2 pair of gloves "Booru" {Str+4} (You found
                  | it on level 5 of the Lair of Beasts)
 18850 | Lair:5   | Reached ****** piety under Kikubaaqudgha
 18874 | Lair:4   | Received a gift from Kikubaaqudgha
 18880 | Lair:4   | Fell from the grace of Kikubaaqudgha
 19030 | D:8      | Became a worshipper of Gozag Ym Sagoz the Greedy
 20292 | Lair:6   | Entered Level 6 of the Lair of Beasts
 20421 | Lair:6   | Reached skill level 5 in Shields
 20541 | Lair:6   | Reached skill level 10 in Fighting
 20578 | Lair:6   | Gained mutation: Your flesh is very heat resistant. (rF++)
                  | [evolution]
 21227 | Lair:6   | Found a viscous altar of Jiyva.
 21228 | Lair:6   | Found a staircase to the Slime Pits.
 21790 | Lair:6   | Reached XP level 15. HP: 98/112 MP: 6/25
 21963 | Lair:6   | Reached skill level 10 in Shields
 22075 | Lair:6   | Found the +9 sword of Zonguldrok {reap}
 22884 | Lair:6   | Lost mutation: Your flesh is very heat resistant. (rF++)
                  | [evolution]
 23155 | D:10     | Killed NeAGen181's ghost
 23220 | D:11     | Was forgiven by Kikubaaqudgha
 23561 | D:12     | Noticed Psyche
 23565 | D:12     | Killed Psyche
 24082 | D:12     | Found a staircase to the Orcish Mines.
 24102 | D:12     | Found a roughly hewn altar of Beogh.
 24496 | Orc:1    | Entered Level 1 of the Orcish Mines
 25167 | Orc:2    | Entered Level 2 of the Orcish Mines
 25311 | Orc:2    | Found a roughly hewn altar of Beogh.
 25395 | Orc:2    | Found a roughly hewn altar of Beogh.
 25747 | Orc:2    | Noticed an orc warlord
 25799 | Orc:2    | Noticed an orc warlord
 25889 | Orc:2    | Killed an orc warlord
 26022 | Orc:2    | Killed an orc warlord
 26255 | Orc:2    | Noticed an orc warlord
 26304 | Orc:2    | Killed an orc warlord
 26337 | Orc:2    | Found Eniy's Antique Armour Shop.
 26340 | Orc:2    | Found a roughly hewn altar of Beogh.
 26349 | Orc:2    | Found Gesoet's Antique Weapon Boutique.
 26435 | Orc:2    | Found a roughly hewn altar of Beogh.
 26447 | Orc:2    | Found Lunimagi's Assorted Antiques.
 26452 | Orc:2    | Bought an ichor-stained dagger for 133 gold pieces
 26452 | Orc:2    | Bought 3 scrolls of identify for 114 gold pieces
 26452 | Orc:2    | Bought a puce potion for 17 gold pieces
 26452 | Orc:2    | Bought a potion of might for 76 gold pieces
 26452 | Orc:2    | Bought a green potion for 17 gold pieces
 26452 | Orc:2    | Bought a scroll of fog for 38 gold pieces
 26452 | Orc:2    | Bought a potion of curing for 57 gold pieces
 26539 | Orc:2    | Found a staircase to the Elven Halls.
 26575 | Orc:2    | Found a roughly hewn altar of Beogh.
 26631 | Orc:2    | Found a roughly hewn altar of Beogh.
 26657 | Orc:2    | Found a roughly hewn altar of Beogh.
 26684 | Orc:2    | Found a roughly hewn altar of Beogh.
 26735 | Orc:2    | Found Uqo Qai's Book Boutique.
 27016 | Orc:2    | Got a twisted shield
 27113 | Orc:2    | Identified the cursed +1 dagger "Otzuebbe" {pierce, rN+
                  | Str-3 Stlth+} (You bought it in a shop on level 2 of the
                  | Orcish Mines)
 27130 | Orc:2    | Identified the +0 shield of Disguise {MR- Int+7 SInv
                  | Stlth+} (You found it on level 2 of the Orcish Mines)
 27441 | D:13     | Reached XP level 16. HP: 122/122 MP: 22/26
 27504 | D:13     | Reached skill level 15 in Shields
 27797 | D:13     | Noticed Frances
 27823 | D:13     | Killed Frances
 28358 | D:14     | Found Nyuvig's Gadget Emporium.
 28432 | D:14     | Found a gate to the Vaults.
 28527 | D:14     | Noticed Louise
 28750 | D:14     | Found Toiteov's Antique Weapon Shoppe.
 28754 | D:14     | Found Doumo's Food Boutique.
 28839 | D:14     | Found Saighoho's Antique Weapon Shoppe.
 29021 | D:14     | Killed Louise
 29058 | D:15     | Entered Level 15 of the Dungeon
 29326 | D:15     | Reached skill level 10 in Spellcasting
 29643 | D:15     | Found a staircase to the Depths.
 29647 | D:15     | Noticed a fire giant
 29661 | D:15     | Killed a fire giant
 30409 | Shoals:1 | Entered Level 1 of the Shoals
 31598 | Shoals:2 | Noticed Roxanne
 31659 | Shoals:2 | Killed Roxanne
 32958 | Shoals:3 | Noticed Polyphemus
 32969 | Shoals:2 | Reached XP level 17. HP: 99/128 MP: 24/33
 33097 | Shoals:3 | Killed Polyphemus
 33438 | Shoals:3 | Noticed a kraken
 33494 | Shoals:3 | Killed a kraken
 34155 | Shoals:3 | Noticed Ilsuiw
 34183 | Shoals:3 | Killed Ilsuiw
 34492 | Shoals:3 | Gained mutation: You are covered in fur. (AC +1)
                  | [evolution]
 34503 | Shoals:4 | Entered Level 4 of the Shoals
 34516 | Shoals:4 | Cast into level 2 of the Abyss (merfolk impaler)
 34621 | Abyss:2  | Reached skill level 15 in Spellcasting
 34678 | Shoals:4 | Escaped the Abyss
 34958 | Shoals:4 | Got a jewelled spear
 34961 | Shoals:4 | Identified the +4 spear of Revolt {antimagic, *Contam rF+
                  | rC+ rN+} (You found it on level 4 of the Shoals)
 35104 | Shoals:4 | Reached skill level 10 in Stealth
 35228 | Shoals:4 | Reached XP level 18. HP: 107/134 MP: 20/37
 35546 | Shoals:4 | Got a barnacled rune of Zot
 35661 | Shoals:4 | Identified the Incunabulum of the Rocks and Dark Arts
 36203 | Spider:1 | Entered Level 1 of the Spider Nest
 36273 | Spider:1 | Noticed Jorgrun
 36299 | Spider:1 | Killed Jorgrun
 36312 | Spider:1 | Reached skill level 5 in Charms
 36529 | Spider:1 | Noticed Donald
 36540 | Spider:1 | Killed Donald
 36619 | Spider:1 | Reached skill level 10 in Earth Magic
 36976 | Spider:2 | Reached skill level 10 in Necromancy
 37868 | Spider:2 | Reached skill level 5 in Polearms
 38729 | Spider:3 | Noticed Agnes
 38746 | Spider:3 | Killed Agnes
 38759 | Spider:3 | Reached skill level 11 in Necromancy
 39221 | Spider:4 | Entered Level 4 of the Spider Nest
 39345 | Spider:4 | Reached XP level 19. HP: 81/140 MP: 10/38
 39483 | Spider:4 | Noticed Arachne
 39498 | Spider:4 | Killed Arachne
 39537 | Spider:4 | Reached skill level 12 in Necromancy
 39928 | Spider:4 | Found a runed translucent gate.
 39929 | Spider:4 | Found a runed translucent gate.
 39930 | Spider:4 | Found a runed translucent gate.
 39933 | Spider:4 | Noticed tamionv's ghost (adept GrFi)
 39935 | Spider:4 | Noticed Name63's ghost (adept GnWn)
 39949 | Spider:4 | Killed Name63's ghost
 39965 | Spider:4 | Killed tamionv's ghost
 40528 | Spider:4 | Reached skill level 13 in Necromancy
 41079 | Spider:4 | Reached skill level 14 in Necromancy
 41256 | Spider:4 | Got a gossamer rune of Zot
 41684 | Vaults:1 | Entered Level 1 of the Vaults
 42219 | Vaults:1 | Got a shimmering flail
 42234 | Vaults:1 | Reached skill level 15 in Necromancy
 42308 | Vaults:1 | Reached XP level 20. HP: 134/147 MP: 27/39
 42452 | Vaults:1 | Found Zoteept's General Store.
 42659 | Vaults:1 | Reached skill level 16 in Necromancy
 42811 | Vaults:1 | Identified the cursed +1 flail of Obsession {antimagic,
                  | Int+3} (You found it on level 1 of the Vaults)
 43650 | Vaults:2 | Learned a level 9 spell: Shatter
 43660 | Vaults:2 | Learned a level 8 spell: Necromutation
 43725 | Vaults:2 | Reached skill level 17 in Necromancy
 44548 | Vaults:3 | Reached skill level 18 in Necromancy
 44567 | Vaults:3 | Reached XP level 21. HP: 84/153 MP: 23/40
 44660 | Vaults:3 | Reached skill level 1 in Transmutations
 44922 | Vaults:3 | Learned a level 3 spell: Ozocubu's Armour
 45116 | Vaults:3 | Found a staircase to the Crypt.
 45116 | Vaults:3 | Found an ancient bone altar of Kikubaaqudgha.
 45117 | Vaults:3 | Found a basalt altar of Yredelemnul.
 45277 | Vaults:3 | Noticed Boris
 45282 | Vaults:3 | Killed Boris
 45282 | Vaults:3 | Reached skill level 5 in Transmutations
 45302 | Vaults:3 | Reached skill level 19 in Necromancy
 45509 | Vaults:3 | Cast into level 3 of the Abyss (a wizard)
 45809 | Abyss:4  | Lost mutation: Your flesh is heat resistant. (rF+)
                  | [evolution]
 45820 | Abyss:4  | Got a scorched wooden ring
 46225 | Abyss:4  | Identified the ring "Soalogo" {rElec rN+ MR++ Int+4} (You
                  | found it on level 4 of the Abyss)
 46256 | Abyss:4  | Identified a scroll of acquirement
 46258 | Abyss:4  | Got a scorched cloak
 46271 | Abyss:4  | Identified the -6 cloak "Zakhlelaa" {rC+ MR+++ Dex-3} (You
                  | acquired it on level 4 of the Abyss)
 46353 | Abyss:4  | Killed from afar by a hell hog

Skill      XL: |  1  2  3  4  5  6  7  8  9 10 11 12 13 14 15 16 17 18 19 20 21 |
---------------+----------------------------------------------------------------+-----
Conjurations   | 1 2 3 4 5 6 |  6.0
Fire Magic     | 1 2 4 5 |  5.0
Poison Magic   | 1 3 5 6 |  6.1
Air Magic      | 2 3 5 |  5.1
Spellcasting   | 6 7 12 15 | 15.0
Necromancy     | 2 8 9 11 15 18 19 | 19.0
Shields        | 3 9 14 15 | 15.0
Dodging        | 3 5 7 |  7.0
Fighting       | 3 5 7 10 | 10.0
Armour         | 3 5 7 9 |  9.0
Evocations     | 3 4 6 |  6.0
Earth Magic    | 6 9 11 12 | 12.0
Stealth        | 3 5 6 10 | 10.2
Polearms       | 2 5 |  5.0
Charms         | 2 4 6 |  6.0
Transmutations | 8 |  8.6
Summonings     | |  1.0
Translocations | |  0.8

Action                   |  1- 3 |  4- 6 |  7- 9 | 10-12 | 13-15 | 16-18 | 19-21 || total
-------------------------+-------+-------+-------+-------+-------+-------+-------++-------
Melee: Unarmed           |    30 |       |       |       |       |       |       ||    30
       Dagger            |    15 |    59 |   115 |   166 |       |       |       ||   355
       Club              |     6 |    10 |       |       |       |       |       ||    16
       Trident           |       |       |    18 |    13 |       |    98 |       ||   129
       Glaive            |       |       |       |    97 |       |       |       ||    97
       Spear             |       |       |       |   119 |  1712 |   361 |       ||  2192
       Halberd           |       |       |       |    25 |       |       |       ||    25
       Double sword      |       |       |       |       |    19 |       |       ||    19
       Demon trident     |       |       |       |       |       |   615 |   784 ||  1399
 Fire: Shortbow          |       |       |       |   133 |       |       |       ||   133
       Fustibalus        |       |       |       |     4 |    18 |       |       ||    22
 Cast: Magic Dart        |    90 |   144 |   124 |   163 |    21 |       |       ||   542
       Conjure Flame     |       |     3 |    21 |    82 |   117 |    36 |    64 ||   323
       Mephitic Cloud    |       |     8 |    20 |    51 |   160 |   101 |    44 ||   384
       Sublimation of Bl |       |       |       |    10 |    96 |    96 |    80 ||   282
       Borgnjor's Vile C |       |       |       |    25 |   115 |   210 |   174 ||   524
       Dispel Undead     |       |       |       |     6 |     4 |    14 |    33 ||    57
       Regeneration      |       |       |       |     3 |   117 |   101 |    73 ||   294
       Vampiric Draining |       |       |       |       |     1 |     1 |       ||     2
Invok: Receive Necronomi |       |       |       |       |     1 |       |       ||     1
       Renounce Religion |       |       |       |       |     1 |       |       ||     1
 Abil: Dig               |     7 |     5 |     7 |    23 |    31 |    35 |     9 ||   117
Evoke: Wand              |       |       |     1 |     3 |     5 |       |     1 ||    10
       Lamp of fire      |       |       |       |       |       |     1 |     2 ||     3
       Lightning rod     |       |       |       |       |       |       |     1 ||     1
  Use: Scroll            |       |       |     7 |     9 |    14 |     7 |     8 ||    45
       Potion            |       |       |       |    10 |    10 |     9 |     4 ||    33
 Stab: Confused          |       |     3 |    10 |    11 |   118 |    52 |    22 ||   216
       Sleeping          |       |       |     1 |     1 |     1 |       |     3 ||     6
       Distracted        |       |       |     1 |       |     5 |     7 |     5 ||    18
       Fleeing           |       |       |       |       |       |     1 |       ||     1
  Eat: Chunk             |     4 |     7 |    13 |    22 |    10 |       |       ||    56
       Ration            |       |     1 |     1 |     2 |    22 |    18 |     9 ||    53
Armor: Robe              |     6 |    12 |     2 |    30 |    17 |       |       ||    67
       Steam dragon scal |       |       |    15 |    41 |       |       |       ||    56
       Scale mail        |       |       |       |       |   346 |   361 |   191 ||   898
       Skin              |       |       |       |       |     4 |       |       ||     4
Dodge: Dodged            |    53 |    63 |    67 |   181 |   383 |   323 |   164 ||  1234
Block: Buckler           |       |       |       |    42 |   119 |       |       ||   161
       Large shield      |       |       |       |       |   349 |   960 |   542 ||  1851
       Rpst.: Double sword |       |       |       |       |     2 |       |       ||     2
